Maple Leafs vs Senateurs
Created - 24 mars 2017 at 19:25
Goals
|
| Maple Leafs |
1 |
0 |
1 |
0 |
1 |
3 |
| Senateurs |
1 |
0 |
1 |
0 |
0 |
2 |
|
Shots
|
| Maple Leafs |
17 |
9 |
15 |
0 |
3 |
41 |
| Senateurs |
9 |
12 |
21 |
2 |
3 |
44 |
|
1st period
1. Maple Leafs , Evgeni Malkin 20 (Claude Giroux, Alexander Frolov) at 10:31 (PP)
2. Senateurs , Brad Richards 21 (Kurtis Foster, Brenden Morrow) at 13:21
Penalties :
Colby Armstrong (Tor) for Roughing (Minor) at 2:31, B.J. Crombeen (Ott) for Hooking (Minor) at 9:38, Marc-Édouard Vlasic (Tor) for Hooking (Minor) at 11:57, Carlo Colaiacovo (Ott) for Holding (Minor) at 12:23, Brenden Morrow (Ott) for Roughing (Minor) at 17:04
2nd period
No Goal
Penalties :
Andrew Ebbett (Ott) for Holding (Minor) at 4:43, Alexander Frolov (Tor) for Hooking (Minor) at 8:54, Fabian Brunnstrom (Tor) for Holding Stick (Minor) at 15:03, Zac Dalpe (Tor) for High sticking (Minor) at 17:47
3rd period
3. Senateurs , Johan Franzen 21 (Gilbert Brule, Kurtis Foster) at 5:32 (PP)
4. Maple Leafs , Colby Armstrong 14 (Eric Nystrom, Rob Schremp) at 16:16
Penalties :
Evgeni Malkin (Tor) for Tripping (Minor) at 4:41, Carlo Colaiacovo (Ott) for Holding (Minor) at 8:52, Rob Schremp (Tor) for Kneeing (Minor) at 16:41
Overtime #1
No Goal
Penalties :
No Penalty
Shootout
Penalty Shot by Claude Giroux for Maple Leafs - Stopped by Ondrej Pavelec
Penalty Shot by Gilbert Brule for Senateurs - Shot Misses the Net
Penalty Shot by Rob Schremp for Maple Leafs - Stopped by Ondrej Pavelec
Penalty Shot by Thomas Vanek for Senateurs - Shot Misses the Net
Penalty Shot by Evgeni Malkin for Maple Leafs - Goal!
Penalty Shot by Brad Richards for Senateurs - Stopped by Marc-André Fleury
Penalties :
No Penalty
Goalie Stats
Marc-André Fleury (Tor), 42 saves from 44 shots - (0,955), W, 29-16-8, 65:00 minutes
Ondrej Pavelec (Ott), 39 saves from 41 shots - (0,951), OTL, 22-18-5, 65:00 minutes
Players Stats for Maple Leafs
Player Name G A P +/- PIM S H SB GA TA FO MP PP MP PK MP
------------------------------------------------------------------------------------
Alexander Frolov 0 1 1 -1 2 3 3 1 0 2 1/2 23:51 3:59 3:11
Blake Comeau 0 0 0 0 0 3 1 1 0 0 2/4 11:46 0:07 3:04
Braydon Coburn 0 0 0 0 0 3 2 2 1 0 0/0 31:59 3:56 6:20
Claude Giroux 0 1 1 0 0 4 2 0 1 1 4/4 28:51 3:42 7:17
Colby Armstrong 1 0 1 1 2 3 3 0 0 0 0/0 10:59 3:10 0:00
Eric Nystrom 0 1 1 1 0 1 0 0 0 0 1/2 12:43 1:07 0:13
Evgeni Malkin 1 0 1 -1 2 7 0 0 0 0 13/25 23:55 3:59 3:26
Fabian Brunnstrom 0 0 0 0 2 2 1 1 1 0 0/0 12:32 3:10 0:00
Jamie McBain 0 0 0 -1 0 1 0 1 0 0 0/0 13:08 2:44 0:00
Jordan Staal 0 0 0 0 0 0 0 0 0 1 9/23 16:54 1:48 5:13
Justin Abdelkader 0 0 0 0 0 1 1 0 0 0 0/0 7:58 0:00 0:00
Justin Schultz 0 0 0 1 0 1 1 0 0 0 0/0 12:03 0:36 0:03
Marc-Édouard Vlasic 0 0 0 1 2 1 0 1 0 0 0/0 23:12 3:37 4:52
Michael Grabner 0 0 0 0 0 0 0 0 0 0 0/1 9:11 0:29 0:00
Rob Schremp 0 1 1 1 2 4 0 0 0 0 5/12 9:59 0:00 0:00
Taylor Chorney 0 0 0 -1 0 1 0 1 0 1 0/0 17:55 0:00 4:49
Tobias Enstrom 0 0 0 0 0 5 2 4 0 2 0/0 31:59 3:56 6:20
Zac Dalpe 0 0 0 0 2 1 0 0 1 0 3/8 8:13 0:00 0:00
Players Stats for Senateurs
Player Name G A P +/- PIM S H SB GA TA FO MP PP MP PK MP
------------------------------------------------------------------------------------
Andrew Ebbett 0 0 0 0 2 2 0 0 0 0 4/7 6:37 0:00 1:11
Andy McDonald 0 0 0 -1 0 3 0 0 0 1 0/0 11:31 0:07 1:29
Arturs Kulda 0 0 0 0 0 2 0 2 0 0 0/0 8:04 0:00 0:00
B.J. Crombeen 0 0 0 0 2 3 4 0 1 0 0/0 16:22 4:51 0:00
Brad Richards 1 0 1 1 0 5 0 0 0 0 10/17 20:28 4:51 2:12
Brandon Dubinsky 0 0 0 -1 0 2 0 2 0 0 4/9 9:25 0:00 0:28
Brenden Morrow 0 1 1 1 2 4 4 0 0 0 1/2 19:29 4:51 1:10
Carlo Colaiacovo 0 0 0 0 4 0 1 0 1 1 0/0 19:17 3:19 1:50
Dan Girardi 0 0 0 0 0 1 1 1 1 0 0/0 21:13 3:20 3:17
Dan Hamhuis 0 0 0 0 0 2 3 2 0 0 0/0 35:22 7:52 3:43
Darcy Hordichuk 0 0 0 0 0 2 0 0 1 0 0/0 6:29 0:07 0:00
George Parros 0 0 0 0 0 1 0 0 0 0 0/0 5:29 0:07 0:00
Gilbert Brule 0 1 1 0 0 3 1 0 1 1 23/44 28:03 6:14 4:03
Johan Franzen 1 0 1 0 0 3 3 0 0 0 1/2 20:09 6:14 0:00
Kurtis Foster 0 2 2 0 0 3 2 2 1 1 0/0 35:20 7:52 3:52
Milan Hejduk 0 0 0 -1 0 3 1 0 0 0 0/0 8:54 0:00 0:00
Thomas Vanek 0 0 0 0 0 4 1 1 1 0 0/0 28:03 6:14 3:59
Vladimir Mihalik 0 0 0 0 0 1 0 2 0 0 0/0 10:51 0:00 1:50
3 Stars
1 - Marc-André Fleury (Tor)
2 - Ondrej Pavelec (Ott)
3 - Johan Franzen (Ott)
Power Play
Maple Leafs - 1 on 5 Attempt(s) - 20,00%
Senateurs - 1 on 7 Attempt(s) - 14,29%
Penalty Kill
Maple Leafs - 6 on 7 Attempt(s) - 85,71%
- Score 0 goal in Penalty Kill
Senateurs - 4 on 5 Attempt(s) - 80,00%
- Score 0 goal in Penalty Kill
Team Stat
Maple Leafs - Hits : 16 - Faceoff Wins : 38 - Blocked Shots : 12 - Penalty Minutes : 14
Senateurs - Hits : 21 - Faceoff Wins : 43 - Blocked Shots : 12 - Penalty Minutes : 10
Official
Referees : Joannette Marc and Charron Francis
Linesman : Brad Lazarowich and Greg Devorski
Game Notes
Jordan Staal is injured at 1:23 of 3rd period (Sore Right Knee)
Finance
Level 1 -- Attendance: 5537 (92,28%) -- Ticket Income 442 960 $
Level 2 -- Attendance: 4519 (90,38%) -- Ticket Income 225 950 $
Level 3 -- Attendance: 1780 (89,00%) -- Ticket Income 53 400 $
Level 4 -- Attendance: 3916 (97,90%) -- Ticket Income 78 320 $
Luxury Box -- Attendance: 888 (88,80%) -- Ticket Income 137 640 $
Game was played at the Place Banque Scotia.
Total Attendance: 16640 (92,44%)
Total Ticket Income: 938 270 $
Other Income: 140 740 $
Total Income: 1 079 010 $
Maple Leafs
5 vs 5 Forward
Center Left Wing Right Wing Time % Phy DF OF
1 Jordan Staal Alexander Frolov Claude Giroux 40 1 2 2
2 Evgeni Malkin Fabian Brunnstrom Michael Grabner 30 1 2 2
3 Rob Schremp Eric Nystrom Colby Armstrong 20 1 2 2
4 Zac Dalpe Justin Abdelkader Blake Comeau 10 1 2 2
5 vs 5 Defense
Defense Defense Time % Phy DF OF
1 Tobias Enstrom Braydon Coburn 40 1 2 2
2 Justin Schultz Marc-Édouard Vlasic 30 1 2 2
3 Taylor Chorney Jamie McBain 20 1 2 2
4 Tobias Enstrom Braydon Coburn 10 1 2 2
PowerPlay Forward
Center Left Wing Right Wing Time % Phy DF OF
1 Evgeni Malkin Alexander Frolov Claude Giroux 60 1 2 2
2 Jordan Staal Fabian Brunnstrom Colby Armstrong 40 1 2 2
PowerPlay Defense
Defense Defense Time % Phy DF OF
1 Tobias Enstrom Braydon Coburn 60 1 2 2
2 Jamie McBain Marc-Édouard Vlasic 40 1 2 2
Penalty Kill 4 Players Forward
Center Wing Time % Phy DF OF
1 Jordan Staal Claude Giroux 60 1 2 2
2 Evgeni Malkin Alexander Frolov 40 1 2 2
Penalty Kill 4 Players Defense
Defense Defense Time % Phy DF OF
1 Tobias Enstrom Braydon Coburn 60 1 2 2
2 Taylor Chorney Marc-Édouard Vlasic 40 1 2 2
Penalty Kill - 3 Players Forward
Forward Time % Phy DF OF
1 Jordan Staal 60 1 2 2
2 Claude Giroux 40 1 2 2
Penalty Kill - 3 Players Defense
Defense Defense Time % Phy DF OF
1 Tobias Enstrom Braydon Coburn 60 1 2 2
2 Taylor Chorney Marc-Édouard Vlasic 40 1 2 2
4 vs 4 Forward
Center Wing Time % Phy DF OF
1 Jordan Staal Claude Giroux 60 1 2 2
2 Evgeni Malkin Alexander Frolov 40 1 2 2
4 vs 4 Defense
Defense Defense Time % Phy DF OF
1 Tobias Enstrom Braydon Coburn 60 1 2 2
2 Taylor Chorney Marc-Édouard Vlasic 40 1 2 2
Last Minutes Offensive
Center Left Wing Right Wing Defense Defense
Jordan Staal Alexander Frolov Claude Giroux Tobias Enstrom Braydon Coburn
Last Minutes Defensive
Center Left Wing Right Wing Defense Defense
Jordan Staal Alexander Frolov Claude Giroux Tobias Enstrom Braydon Coburn
Goaltenders
Starting : Marc-André Fleury
Backup : Alex Stalock
Extra Forwards
Normal : Evgeni Malkin, Claude Giroux, Eric Nystrom - PP : Michael Grabner, Eric Nystrom - PK : Blake Comeau
Extra Defensemen
Normal : Jamie McBain, Justin Schultz, Taylor Chorney - PP : Jamie McBain - PK : Justin Schultz, Taylor Chorney
Penalty Shots
Claude Giroux, Rob Schremp, Evgeni Malkin, Jordan Staal, Fabian Brunnstrom
Senateurs
5 vs 5 Forward
Center Left Wing Right Wing Time % Phy DF OF
1 Gilbert Brule Thomas Vanek Johan Franzen 40 1 2 2
2 Brad Richards Brenden Morrow B.J. Crombeen 30 1 2 2
3 Brandon Dubinsky Andy McDonald Milan Hejduk 20 1 2 2
4 Andrew Ebbett Darcy Hordichuk George Parros 10 1 2 2
5 vs 5 Defense
Defense Defense Time % Phy DF OF
1 Kurtis Foster Dan Hamhuis 40 1 2 2
2 Dan Girardi Carlo Colaiacovo 30 1 2 2
3 Arturs Kulda Vladimir Mihalik 20 1 2 2
4 Kurtis Foster Dan Hamhuis 10 1 2 2
PowerPlay Forward
Center Left Wing Right Wing Time % Phy DF OF
1 Gilbert Brule Thomas Vanek Johan Franzen 60 0 2 3
2 Brad Richards Brenden Morrow B.J. Crombeen 40 0 2 3
PowerPlay Defense
Defense Defense Time % Phy DF OF
1 Kurtis Foster Dan Hamhuis 60 0 2 3
2 Dan Girardi Carlo Colaiacovo 40 0 2 3
Penalty Kill 4 Players Forward
Center Wing Time % Phy DF OF
1 Gilbert Brule Thomas Vanek 60 1 2 2
2 Brad Richards Brenden Morrow 40 1 2 2
Penalty Kill 4 Players Defense
Defense Defense Time % Phy DF OF
1 Kurtis Foster Dan Hamhuis 60 1 2 2
2 Dan Girardi Carlo Colaiacovo 40 1 2 2
Penalty Kill - 3 Players Forward
Forward Time % Phy DF OF
1 Gilbert Brule 60 1 2 2
2 Thomas Vanek 40 1 2 2
Penalty Kill - 3 Players Defense
Defense Defense Time % Phy DF OF
1 Kurtis Foster Dan Hamhuis 60 1 2 2
2 Dan Girardi Carlo Colaiacovo 40 1 2 2
4 vs 4 Forward
Center Wing Time % Phy DF OF
1 Gilbert Brule Thomas Vanek 60 1 2 2
2 Brad Richards Brenden Morrow 40 1 2 2
4 vs 4 Defense
Defense Defense Time % Phy DF OF
1 Kurtis Foster Dan Hamhuis 60 1 2 2
2 Dan Girardi Carlo Colaiacovo 40 1 2 2
Last Minutes Offensive
Center Left Wing Right Wing Defense Defense
Gilbert Brule Thomas Vanek Johan Franzen Kurtis Foster Dan Hamhuis
Last Minutes Defensive
Center Left Wing Right Wing Defense Defense
Gilbert Brule Thomas Vanek Johan Franzen Kurtis Foster Dan Hamhuis
Goaltenders
Starting : Ondrej Pavelec
Backup : Jonas Gustavsson
Extra Forwards
Normal : Darcy Hordichuk, Andy McDonald, Andrew Ebbett - PP : Darcy Hordichuk, Andy McDonald - PK : Andrew Ebbett
Extra Defensemen
Normal : Dan Girardi, Vladimir Mihalik, Kurtis Foster - PP : Dan Girardi - PK : Vladimir Mihalik, Dan Girardi
Penalty Shots
Gilbert Brule, Thomas Vanek, Brad Richards, Brenden Morrow, Johan Franzen
% Time on Ice - Maple Leafs
Lines # - Real PCT - Wanted PCT - Time Play
Normal Forward
1 - 39% - 40% - 15:29
2 - 22% - 30% - 8:53
3 - 19% - 20% - 7:39
4 - 20% - 10% - 7:58
Normal Defense
1 - 43% - 40% - 17:18
2 - 31% - 30% - 12:27
3 - 24% - 20% - 9:43
4 - 1% - 10% - 0:31
PP Forward
1 - 53% - 60% - 3:49
2 - 47% - 40% - 3:27
PP Defense
1 - 54% - 60% - 3:56
2 - 46% - 40% - 3:20
PK Forward
1 - 77% - 60% - 8:37
2 - 23% - 40% - 2:35
PK Defense
1 - 57% - 60% - 6:23
2 - 43% - 40% - 4:49
PK3 Forward
1 - 0% - 60%
2 - 0% - 40%
PK3 Defense
1 - 0% - 60%
2 - 0% - 40%
44 Forward
1 - 94% - 60% - 6:11
2 - 6% - 40% - 0:22
44 Defense
1 - 64% - 60% - 4:11
2 - 36% - 40% - 2:22
Last Minute Offensive - 0:00
Last Minute Defensive - 0:00
Total
Forward - 65:00
Defense - 65:00
|
% Time on Ice - Senateurs
Lines # - Real PCT - Wanted PCT - Time Play
Normal Forward
1 - 36% - 40% - 14:24
2 - 29% - 30% - 11:32
3 - 22% - 20% - 8:54
4 - 13% - 10% - 5:09
Normal Defense
1 - 46% - 40% - 18:12
2 - 31% - 30% - 12:33
3 - 20% - 20% - 8:04
4 - 3% - 10% - 1:10
PP Forward
1 - 57% - 60% - 6:21
2 - 43% - 40% - 4:51
PP Defense
1 - 70% - 60% - 7:52
2 - 30% - 40% - 3:20
PK Forward
1 - 79% - 60% - 5:43
2 - 21% - 40% - 1:33
PK Defense
1 - 55% - 60% - 3:59
2 - 45% - 40% - 3:17
PK3 Forward
1 - 0% - 60%
2 - 0% - 40%
PK3 Defense
1 - 0% - 60%
2 - 0% - 40%
44 Forward
1 - 71% - 60% - 4:40
2 - 29% - 40% - 1:53
44 Defense
1 - 65% - 60% - 4:17
2 - 35% - 40% - 2:16
Last Minute Offensive - 0:00
Last Minute Defensive - 0:00
Total
Forward - 65:00
Defense - 65:00
|
Play by Play
1st period
0:01 of 1st period - Claude Giroux wins face-off versus Gilbert Brule in neutral zone.
0:04 of 1st period - Slapshot by Tobias Enstrom.
0:04 of 1st period - Stopped by Ondrej Pavelec without a rebound.
0:05 of 1st period - Claude Giroux wins face-off versus Gilbert Brule in Senateurs zone.
1:19 of 1st period - Wrist shot by Zac Dalpe.
1:19 of 1st period - Shot Misses the Net.
1:21 of 1st period - Slapshot by Braydon Coburn.
1:21 of 1st period - Shot Misses the Net.
1:23 of 1st period - Snap shot by Braydon Coburn.
1:23 of 1st period - Deflect By Dan Girardi.
1:23 of 1st period - Stopped by Ondrej Pavelec with a rebound.
1:41 of 1st period - Snap shot by Claude Giroux.
1:41 of 1st period - Shot Blocked by Arturs Kulda.
2:03 of 1st period - Snap shot by Evgeni Malkin.
2:03 of 1st period - Stopped by Ondrej Pavelec with a rebound.
2:08 of 1st period - Off-side.
2:09 of 1st period - Rob Schremp wins face-off versus Brad Richards in neutral zone.
2:31 of 1st period - Minor Penalty to Colby Armstrong for Roughing.
2:32 of 1st period - Jordan Staal wins face-off versus Gilbert Brule in Maple Leafs zone.
3:09 of 1st period - Snap shot by Evgeni Malkin.
3:09 of 1st period - Shot Blocked by Dan Hamhuis.
3:11 of 1st period - Slapshot by Alexander Frolov.
3:11 of 1st period - Shot Misses the Net.
3:27 of 1st period - Kurtis Foster is hit by Claude Giroux and loses puck.
4:31 of 1st period - Penalty to Colby Armstrong is over, Colby Armstrong is back on ice.
4:43 of 1st period - Wrist shot by Blake Comeau.
4:43 of 1st period - Stopped by Ondrej Pavelec without a rebound.
4:44 of 1st period - Zac Dalpe wins face-off versus Brandon Dubinsky in Senateurs zone.
4:57 of 1st period - Snap shot by Zac Dalpe.
4:57 of 1st period - Shot Blocked by Arturs Kulda.
5:13 of 1st period - Slapshot by Milan Hejduk.
5:13 of 1st period - Stopped by Marc-André Fleury with a rebound.
5:15 of 1st period - Wrist shot by Andy McDonald.
5:15 of 1st period - Shot Blocked by Fabian Brunnstrom.
5:34 of 1st period - Claude Giroux is hit by Milan Hejduk and loses puck.
5:51 of 1st period - Slapshot by Tobias Enstrom.
5:51 of 1st period - Stopped by Ondrej Pavelec with a rebound.
5:53 of 1st period - Slapshot by Braydon Coburn.
5:53 of 1st period - Deflect By Rob Schremp.
5:53 of 1st period - Shot Misses the Net.
5:53 of 1st period - Puck is out of play.
5:54 of 1st period - Gilbert Brule wins face-off versus Michael Grabner in Senateurs zone.
6:43 of 1st period - Snap shot by Rob Schremp.
6:43 of 1st period - Stopped by Ondrej Pavelec without a rebound.
6:44 of 1st period - Rob Schremp wins face-off versus Brad Richards in Senateurs zone.
6:53 of 1st period - Wrist shot by Brad Richards.
6:53 of 1st period - Shot Misses the Net.
6:55 of 1st period - Snap shot by B.J. Crombeen.
6:55 of 1st period - Stopped by Marc-André Fleury without a rebound.
6:56 of 1st period - Brad Richards wins face-off versus Jordan Staal in Maple Leafs zone.
7:23 of 1st period - Marc-Édouard Vlasic is hit by Johan Franzen and loses puck.
7:30 of 1st period - Wrist shot by Michael Grabner.
7:30 of 1st period - Shot Misses the Net.
7:32 of 1st period - Slapshot by Tobias Enstrom.
7:32 of 1st period - Stopped by Ondrej Pavelec without a rebound.
7:33 of 1st period - Claude Giroux wins face-off versus Andrew Ebbett in Senateurs zone.
7:34 of 1st period - Wrist shot by Alexander Frolov.
7:34 of 1st period - Shot Misses the Net.
7:43 of 1st period - Icing by Alexander Frolov.
7:44 of 1st period - Brad Richards wins face-off versus Jordan Staal in Maple Leafs zone.
7:49 of 1st period - Slapshot by B.J. Crombeen.
7:49 of 1st period - Shot Misses the Net.
7:51 of 1st period - Slapshot by Kurtis Foster.
7:51 of 1st period - Stopped by Marc-André Fleury without a rebound.
7:52 of 1st period - Brad Richards wins face-off versus Jordan Staal in Maple Leafs zone.
8:34 of 1st period - Off-side.
8:35 of 1st period - Andrew Ebbett wins face-off versus Rob Schremp in neutral zone.
8:43 of 1st period - Wrist shot by Darcy Hordichuk.
8:43 of 1st period - Stopped by Marc-André Fleury with a rebound.
8:45 of 1st period - Slapshot by Dan Girardi.
8:45 of 1st period - Shot Misses the Net.
8:47 of 1st period - Slapshot by Dan Girardi.
8:47 of 1st period - Shot Blocked by Tobias Enstrom.
9:01 of 1st period - Dan Girardi is hit by Alexander Frolov and loses puck.
9:38 of 1st period - Minor Penalty to B.J. Crombeen for Hooking.
9:39 of 1st period - Gilbert Brule wins face-off versus Evgeni Malkin in Senateurs zone.
10:01 of 1st period - Evgeni Malkin is hit by Dan Hamhuis and loses puck.
10:08 of 1st period - Evgeni Malkin is hit by Kurtis Foster and loses puck.
10:27 of 1st period - Wrist shot by Evgeni Malkin.
10:27 of 1st period - Shot Misses the Net.
10:29 of 1st period - Slapshot by Evgeni Malkin.
10:29 of 1st period - Shot Blocked by Kurtis Foster.
10:31 of 1st period - Snap shot by Claude Giroux.
10:31 of 1st period - Deflect By Evgeni Malkin.
10:31 of 1st period - Goal by Evgeni Malkin - Maple Leafs : 1 - Senateurs : 0.
10:32 of 1st period - Brad Richards wins face-off versus Rob Schremp in neutral zone.
10:34 of 1st period - Off-side.
10:35 of 1st period - Brenden Morrow wins face-off versus Rob Schremp in neutral zone.
10:38 of 1st period - Wrist shot by Brad Richards.
10:38 of 1st period - Stopped by Marc-André Fleury without a rebound.
10:39 of 1st period - Brad Richards wins face-off versus Rob Schremp in Maple Leafs zone.
10:44 of 1st period - Wrist shot by Brenden Morrow.
10:44 of 1st period - Stopped by Marc-André Fleury without a rebound.
10:45 of 1st period - Gilbert Brule wins face-off versus Jordan Staal in Maple Leafs zone.
10:56 of 1st period - Slapshot by Claude Giroux.
10:56 of 1st period - Stopped by Ondrej Pavelec without a rebound.
10:57 of 1st period - Jordan Staal wins face-off versus Gilbert Brule in Senateurs zone.
11:00 of 1st period - Backhand shot by Alexander Frolov.
11:00 of 1st period - Stopped by Ondrej Pavelec with a rebound.
11:02 of 1st period - Snap shot by Alexander Frolov.
11:02 of 1st period - Stopped by Ondrej Pavelec without a rebound.
11:03 of 1st period - Jordan Staal wins face-off versus Gilbert Brule in Senateurs zone.
11:52 of 1st period - Slapshot by Dan Hamhuis.
11:52 of 1st period - Stopped by Marc-André Fleury with a rebound.
11:57 of 1st period - Minor Penalty to Marc-Édouard Vlasic for Hooking.
11:58 of 1st period - Gilbert Brule wins face-off versus Jordan Staal in Maple Leafs zone.
12:02 of 1st period - Slapshot by Gilbert Brule.
12:02 of 1st period - Shot Misses the Net.
12:04 of 1st period - Snap shot by Dan Girardi.
12:04 of 1st period - Shot Blocked by Braydon Coburn.
12:06 of 1st period - Slapshot by Dan Girardi.
12:06 of 1st period - Stopped by Marc-André Fleury with a rebound.
12:08 of 1st period - Wrist shot by Thomas Vanek.
12:08 of 1st period - Shot Misses the Net.
12:23 of 1st period - Minor Penalty to Carlo Colaiacovo for Holding.
12:24 of 1st period - Gilbert Brule wins face-off versus Jordan Staal in Senateurs zone.
12:37 of 1st period - Slapshot by Thomas Vanek.
12:37 of 1st period - Shot Misses the Net.
12:39 of 1st period - Backhand shot by Kurtis Foster.
12:39 of 1st period - Deflect By Thomas Vanek.
12:39 of 1st period - Shot Misses the Net.
12:39 of 1st period - Puck is out of play.
12:40 of 1st period - Jordan Staal wins face-off versus Gilbert Brule in Maple Leafs zone.
13:21 of 1st period - Snap shot by Brad Richards.
13:21 of 1st period - Goal by Brad Richards - Maple Leafs : 1 - Senateurs : 1.
13:22 of 1st period - Gilbert Brule wins face-off versus Jordan Staal in neutral zone.
13:25 of 1st period - Slapshot by Thomas Vanek.
13:25 of 1st period - Shot Blocked by Tobias Enstrom.
13:57 of 1st period - Penalty to Marc-Édouard Vlasic is over, Marc-Édouard Vlasic is back on ice.
14:21 of 1st period - Wrist shot by Fabian Brunnstrom.
14:21 of 1st period - Shot Blocked by Vladimir Mihalik.
14:23 of 1st period - Penalty to Carlo Colaiacovo is over, Carlo Colaiacovo is back on ice.
14:23 of 1st period - Slapshot by Braydon Coburn.
14:23 of 1st period - Stopped by Ondrej Pavelec with a rebound.
14:25 of 1st period - Slapshot by Jordan Staal.
14:25 of 1st period - Shot Misses the Net.
14:41 of 1st period - Snap shot by Blake Comeau.
14:41 of 1st period - Shot Misses the Net.
14:43 of 1st period - Slapshot by Taylor Chorney.
14:43 of 1st period - Deflect By Blake Comeau.
14:43 of 1st period - Stopped by Ondrej Pavelec with a rebound.
14:45 of 1st period - Wrist shot by Zac Dalpe.
14:45 of 1st period - Shot Blocked by Vladimir Mihalik.
15:36 of 1st period - Snap shot by Fabian Brunnstrom.
15:36 of 1st period - Stopped by Ondrej Pavelec with a rebound.
15:50 of 1st period - Wrist shot by Evgeni Malkin.
15:50 of 1st period - Stopped by Ondrej Pavelec with a rebound.
15:52 of 1st period - Wrist shot by Zac Dalpe.
15:52 of 1st period - Shot Blocked by Thomas Vanek.
15:54 of 1st period - Snap shot by Jamie McBain.
15:54 of 1st period - Shot Blocked by Dan Hamhuis.
15:56 of 1st period - Slapshot by Taylor Chorney.
15:56 of 1st period - Deflect By Zac Dalpe.
15:56 of 1st period - Shot Misses the Net.
15:56 of 1st period - Puck is out of play.
15:57 of 1st period - Brad Richards wins face-off versus Zac Dalpe in Senateurs zone.
16:05 of 1st period - Icing by Arturs Kulda.
16:06 of 1st period - Jordan Staal wins face-off versus Brad Richards in Senateurs zone.
16:21 of 1st period - Slapshot by Alexander Frolov.
16:21 of 1st period - Stopped by Ondrej Pavelec without a rebound.
16:22 of 1st period - Gilbert Brule wins face-off versus Evgeni Malkin in Senateurs zone.
16:47 of 1st period - Braydon Coburn is hit by B.J. Crombeen and loses puck.
17:04 of 1st period - Minor Penalty to Brenden Morrow for Roughing.
17:05 of 1st period - Gilbert Brule wins face-off versus Evgeni Malkin in Senateurs zone.
17:18 of 1st period - Slapshot by Claude Giroux.
17:18 of 1st period - Stopped by Ondrej Pavelec without a rebound.
17:19 of 1st period - Gilbert Brule wins face-off versus Evgeni Malkin in Senateurs zone.
19:04 of 1st period - Penalty to Brenden Morrow is over, Brenden Morrow is back on ice.
19:38 of 1st period - Wrist shot by Brenden Morrow.
19:38 of 1st period - Shot Misses the Net.
Goals for this period are 1 for Maple Leafs vs 1 for Senateurs.
Shots for this period are 17 for Maple Leafs vs 9 for Senateurs.
2nd period
0:01 of 2nd period - Gilbert Brule wins face-off versus Jordan Staal in neutral zone.
0:10 of 2nd period - Snap shot by Claude Giroux.
0:10 of 2nd period - Stopped by Ondrej Pavelec with a rebound.
0:40 of 2nd period - Snap shot by Andy McDonald.
0:40 of 2nd period - Shot Misses the Net.
0:56 of 2nd period - Wrist shot by Evgeni Malkin.
0:56 of 2nd period - Shot Misses the Net.
0:58 of 2nd period - Snap shot by Evgeni Malkin.
0:58 of 2nd period - Shot Hit the Post.
1:00 of 2nd period - Snap shot by Evgeni Malkin.
1:00 of 2nd period - Stopped by Ondrej Pavelec with a rebound.
1:02 of 2nd period - Backhand shot by Tobias Enstrom.
1:02 of 2nd period - Stopped by Ondrej Pavelec without a rebound.
1:03 of 2nd period - Evgeni Malkin wins face-off versus Gilbert Brule in Senateurs zone.
1:32 of 2nd period - Carlo Colaiacovo is hit by Colby Armstrong and loses puck.
1:57 of 2nd period - Wrist shot by Blake Comeau.
1:57 of 2nd period - Deflect By Justin Abdelkader.
1:57 of 2nd period - Stopped by Ondrej Pavelec without a rebound.
1:58 of 2nd period - Gilbert Brule wins face-off versus Zac Dalpe in Senateurs zone.
1:58 of 2nd period - Gilbert Brule is hit by Blake Comeau.
2:06 of 2nd period - Snap shot by Gilbert Brule.
2:06 of 2nd period - Shot Misses the Net.
2:16 of 2nd period - Wrist shot by Blake Comeau.
2:16 of 2nd period - Deflect By Zac Dalpe.
2:16 of 2nd period - Stopped by Ondrej Pavelec with a rebound.
2:18 of 2nd period - Slapshot by Tobias Enstrom.
2:18 of 2nd period - Stopped by Ondrej Pavelec with a rebound.
2:34 of 2nd period - Snap shot by Blake Comeau.
2:34 of 2nd period - Stopped by Ondrej Pavelec with a rebound.
2:44 of 2nd period - Thomas Vanek is hit by Justin Abdelkader.
3:38 of 2nd period - Snap shot by Carlo Colaiacovo.
3:38 of 2nd period - Shot Blocked by Jamie McBain.
3:41 of 2nd period - Icing by Jamie McBain.
3:42 of 2nd period - Zac Dalpe wins face-off versus Brad Richards in Maple Leafs zone.
4:43 of 2nd period - Minor Penalty to Andrew Ebbett for Holding.
4:44 of 2nd period - Evgeni Malkin wins face-off versus Brenden Morrow in Senateurs zone.
6:43 of 2nd period - Penalty to Andrew Ebbett is over, Andrew Ebbett is back on ice.
6:55 of 2nd period - Wrist shot by Andrew Ebbett.
6:55 of 2nd period - Shot Misses the Net.
6:57 of 2nd period - Slapshot by Andrew Ebbett.
6:57 of 2nd period - Deflect By Jamie McBain.
6:57 of 2nd period - Stopped by Marc-André Fleury with a rebound.
6:59 of 2nd period - Snap shot by Arturs Kulda.
6:59 of 2nd period - Stopped by Marc-André Fleury without a rebound.
7:00 of 2nd period - Zac Dalpe wins face-off versus Andrew Ebbett in Maple Leafs zone.
7:47 of 2nd period - Slapshot by Brenden Morrow.
7:47 of 2nd period - Stopped by Marc-André Fleury with a rebound.
8:01 of 2nd period - Braydon Coburn is hit by Johan Franzen and loses puck.
8:07 of 2nd period - Icing by Alexander Frolov.
8:08 of 2nd period - Jordan Staal wins face-off versus Gilbert Brule in Maple Leafs zone.
8:25 of 2nd period - Backhand shot by Thomas Vanek.
8:25 of 2nd period - Stopped by Marc-André Fleury without a rebound.
8:26 of 2nd period - Evgeni Malkin wins face-off versus Brad Richards in Maple Leafs zone.
8:54 of 2nd period - Minor Penalty to Alexander Frolov for Hooking.
8:55 of 2nd period - Gilbert Brule wins face-off versus Jordan Staal in Maple Leafs zone.
9:22 of 2nd period - Braydon Coburn is hit by B.J. Crombeen and loses puck.
9:56 of 2nd period - Off-side.
9:57 of 2nd period - Brad Richards wins face-off versus Evgeni Malkin in neutral zone.
10:16 of 2nd period - Snap shot by Gilbert Brule.
10:16 of 2nd period - Stopped by Marc-André Fleury without a rebound.
10:17 of 2nd period - Jordan Staal wins face-off versus Gilbert Brule in Maple Leafs zone.
10:25 of 2nd period - Off-side.
10:26 of 2nd period - Gilbert Brule wins face-off versus Jordan Staal in neutral zone.
10:54 of 2nd period - Penalty to Alexander Frolov is over, Alexander Frolov is back on ice.
10:55 of 2nd period - Slapshot by Kurtis Foster.
10:55 of 2nd period - Shot Misses the Net.
10:57 of 2nd period - Slapshot by Brad Richards.
10:57 of 2nd period - Deflect By B.J. Crombeen.
10:57 of 2nd period - Stopped by Marc-André Fleury without a rebound.
10:58 of 2nd period - Brad Richards wins face-off versus Evgeni Malkin in Maple Leafs zone.
11:13 of 2nd period - Brenden Morrow is hit by Braydon Coburn and loses puck.
11:51 of 2nd period - Marc-Édouard Vlasic is hit by Kurtis Foster and loses puck.
12:06 of 2nd period - Wrist shot by Brad Richards.
12:06 of 2nd period - Stopped by Marc-André Fleury without a rebound.
12:07 of 2nd period - Gilbert Brule wins face-off versus Evgeni Malkin in Maple Leafs zone.
12:12 of 2nd period - Snap shot by Johan Franzen.
12:12 of 2nd period - Shot Misses the Net.
12:14 of 2nd period - Backhand shot by Johan Franzen.
12:14 of 2nd period - Stopped by Marc-André Fleury with a rebound.
12:16 of 2nd period - Snap shot by Gilbert Brule.
12:16 of 2nd period - Shot Misses the Net.
12:18 of 2nd period - Snap shot by Johan Franzen.
12:18 of 2nd period - Shot Misses the Net.
12:20 of 2nd period - Snap shot by Gilbert Brule.
12:20 of 2nd period - Shot Misses the Net.
12:22 of 2nd period - Snap shot by Johan Franzen.
12:22 of 2nd period - Stopped by Marc-André Fleury with a rebound.
12:34 of 2nd period - Andy McDonald is hit by Alexander Frolov and loses puck.
12:57 of 2nd period - Icing by Dan Hamhuis.
12:58 of 2nd period - Andrew Ebbett wins face-off versus Rob Schremp in Senateurs zone.
13:31 of 2nd period - Icing by Kurtis Foster.
13:32 of 2nd period - Gilbert Brule wins face-off versus Jordan Staal in Senateurs zone.
14:04 of 2nd period - Snap shot by B.J. Crombeen.
14:04 of 2nd period - Stopped by Marc-André Fleury with a rebound.
14:06 of 2nd period - Snap shot by Brenden Morrow.
14:06 of 2nd period - Shot Misses the Net.
14:10 of 2nd period - Snap shot by Brad Richards.
14:10 of 2nd period - Stopped by Marc-André Fleury with a rebound.
14:30 of 2nd period - Snap shot by Rob Schremp.
14:30 of 2nd period - Stopped by Ondrej Pavelec without a rebound.
14:31 of 2nd period - Jordan Staal wins face-off versus Gilbert Brule in Senateurs zone.
14:32 of 2nd period - Wrist shot by Claude Giroux.
14:32 of 2nd period - Shot Misses the Net.
14:48 of 2nd period - Slapshot by Thomas Vanek.
14:48 of 2nd period - Stopped by Marc-André Fleury with a rebound.
15:03 of 2nd period - Minor Penalty to Fabian Brunnstrom for Holding Stick.
15:04 of 2nd period - Jordan Staal wins face-off versus Johan Franzen in Maple Leafs zone.
15:12 of 2nd period - Braydon Coburn is hit by Johan Franzen and loses puck.
15:30 of 2nd period - Icing by Thomas Vanek.
15:31 of 2nd period - Brad Richards wins face-off versus Jordan Staal in Senateurs zone.
17:03 of 2nd period - Penalty to Fabian Brunnstrom is over, Fabian Brunnstrom is back on ice.
17:32 of 2nd period - Slapshot by Andrew Ebbett.
17:32 of 2nd period - Deflect By Evgeni Malkin.
17:32 of 2nd period - Shot Blocked by Taylor Chorney.
17:32 of 2nd period - Puck is out of play.
17:33 of 2nd period - Brandon Dubinsky wins face-off versus Zac Dalpe in Maple Leafs zone.
17:36 of 2nd period - Snap shot by Andy McDonald.
17:36 of 2nd period - Shot Misses the Net.
17:38 of 2nd period - Wrist shot by Andy McDonald.
17:38 of 2nd period - Deflect By Milan Hejduk.
17:38 of 2nd period - Shot Misses the Net.
17:38 of 2nd period - Puck is out of play.
17:39 of 2nd period - Brandon Dubinsky wins face-off versus Zac Dalpe in Maple Leafs zone.
17:47 of 2nd period - Minor Penalty to Zac Dalpe for High sticking.
17:48 of 2nd period - Gilbert Brule wins face-off versus Jordan Staal in Maple Leafs zone.
18:14 of 2nd period - B.J. Crombeen is hit by Braydon Coburn.
18:53 of 2nd period - Evgeni Malkin is hit by Dan Girardi and loses puck.
19:28 of 2nd period - Slapshot by Braydon Coburn.
19:28 of 2nd period - Deflect By Thomas Vanek.
19:28 of 2nd period - Stopped by Ondrej Pavelec with a rebound.
19:47 of 2nd period - Penalty to Zac Dalpe is over, Zac Dalpe is back on ice.
19:55 of 2nd period - Darcy Hordichuk is hit by Alexander Frolov and loses puck.
Goals for this period are 0 for Maple Leafs vs 0 for Senateurs.
Shots for this period are 9 for Maple Leafs vs 12 for Senateurs.
3rd period
0:01 of 3rd period - Gilbert Brule wins face-off versus Jordan Staal in neutral zone.
0:26 of 3rd period - Evgeni Malkin is hit by Brenden Morrow and loses puck.
0:39 of 3rd period - Brenden Morrow is hit by Fabian Brunnstrom and loses puck.
1:02 of 3rd period - Wrist shot by Eric Nystrom.
1:02 of 3rd period - Deflect By Colby Armstrong.
1:02 of 3rd period - Stopped by Ondrej Pavelec with a rebound.
1:22 of 3rd period - Jordan Staal is hit by Thomas Vanek and loses puck.
1:23 of 3rd period - Jordan Staal from Maple Leafs is injured at 1:23 of 3rd period (Sore Right Knee).
1:24 of 3rd period - Alexander Frolov wins face-off versus Gilbert Brule in Maple Leafs zone.
1:33 of 3rd period - Slapshot by Gilbert Brule.
1:33 of 3rd period - Shot Blocked by Braydon Coburn.
1:35 of 3rd period - Snap shot by Dan Hamhuis.
1:35 of 3rd period - Deflect By Thomas Vanek.
1:35 of 3rd period - Shot Misses the Net.
1:35 of 3rd period - Puck is out of play.
1:36 of 3rd period - Evgeni Malkin wins face-off versus Gilbert Brule in Maple Leafs zone.
1:46 of 3rd period - Icing by Kurtis Foster.
1:47 of 3rd period - Evgeni Malkin wins face-off versus Gilbert Brule in Senateurs zone.
3:17 of 3rd period - Brad Richards is hit by Claude Giroux and loses puck.
3:51 of 3rd period - Milan Hejduk is hit by Tobias Enstrom and loses puck.
4:30 of 3rd period - Wrist shot by Alexander Frolov.
4:30 of 3rd period - Deflect By Evgeni Malkin.
4:30 of 3rd period - Stopped by Ondrej Pavelec without a rebound.
4:31 of 3rd period - Gilbert Brule wins face-off versus Evgeni Malkin in Senateurs zone.
4:41 of 3rd period - Minor Penalty to Evgeni Malkin for Tripping.
4:42 of 3rd period - Blake Comeau wins face-off versus Gilbert Brule in Maple Leafs zone.
4:51 of 3rd period - Slapshot by Kurtis Foster.
4:51 of 3rd period - Stopped by Marc-André Fleury without a rebound.
4:52 of 3rd period - Gilbert Brule wins face-off versus Blake Comeau in Maple Leafs zone.
5:00 of 3rd period - Icing by Thomas Vanek.
5:01 of 3rd period - Gilbert Brule wins face-off versus Blake Comeau in Senateurs zone.
5:14 of 3rd period - Slapshot by Gilbert Brule.
5:14 of 3rd period - Shot Blocked by Blake Comeau.
5:16 of 3rd period - Wrist shot by Gilbert Brule.
5:16 of 3rd period - Stopped by Marc-André Fleury without a rebound.
5:17 of 3rd period - Blake Comeau wins face-off versus Gilbert Brule in Maple Leafs zone.
5:32 of 3rd period - Slapshot by Johan Franzen.
5:32 of 3rd period - Deflect By Claude Giroux.
5:32 of 3rd period - Goal by Johan Franzen - Maple Leafs : 1 - Senateurs : 2.
5:33 of 3rd period - Evgeni Malkin wins face-off versus Gilbert Brule in neutral zone.
5:46 of 3rd period - Wrist shot by Gilbert Brule.
5:46 of 3rd period - Shot Blocked by Alexander Frolov.
6:26 of 3rd period - Justin Schultz is hit by Carlo Colaiacovo.
6:27 of 3rd period - Icing by Justin Schultz.
6:28 of 3rd period - Evgeni Malkin wins face-off versus Brandon Dubinsky in Maple Leafs zone.
6:28 of 3rd period - Evgeni Malkin is hit by Dan Hamhuis.
6:36 of 3rd period - Snap shot by Andy McDonald.
6:36 of 3rd period - Stopped by Marc-André Fleury with a rebound.
6:38 of 3rd period - Slapshot by Dan Hamhuis.
6:38 of 3rd period - Stopped by Marc-André Fleury with a rebound.
6:40 of 3rd period - Snap shot by Brandon Dubinsky.
6:40 of 3rd period - Stopped by Marc-André Fleury without a rebound.
6:41 of 3rd period - Gilbert Brule wins face-off versus Evgeni Malkin in Maple Leafs zone.
6:54 of 3rd period - Wrist shot by Gilbert Brule.
6:54 of 3rd period - Shot Blocked by Tobias Enstrom.
7:40 of 3rd period - Dan Hamhuis is hit by Justin Schultz.
8:29 of 3rd period - Off-side.
8:30 of 3rd period - Brandon Dubinsky wins face-off versus Zac Dalpe in neutral zone.
8:39 of 3rd period - Andy McDonald is hit by Tobias Enstrom and loses puck.
8:44 of 3rd period - Snap shot by Justin Abdelkader.
8:44 of 3rd period - Shot Blocked by Brandon Dubinsky.
8:52 of 3rd period - Minor Penalty to Carlo Colaiacovo for Holding.
8:53 of 3rd period - Evgeni Malkin wins face-off versus Gilbert Brule in Senateurs zone.
9:02 of 3rd period - Snap shot by Claude Giroux.
9:02 of 3rd period - Stopped by Ondrej Pavelec with a rebound.
9:04 of 3rd period - Snap shot by Evgeni Malkin.
9:04 of 3rd period - Shot Misses the Net.
10:00 of 3rd period - Wrist shot by Andy McDonald.
10:00 of 3rd period - Stopped by Marc-André Fleury without a rebound.
10:01 of 3rd period - Andrew Ebbett wins face-off versus Eric Nystrom in Maple Leafs zone.
10:33 of 3rd period - Gilbert Brule is hit by Colby Armstrong and loses puck.
10:44 of 3rd period - Gilbert Brule is hit by Colby Armstrong and loses puck.
10:52 of 3rd period - Penalty to Carlo Colaiacovo is over, Carlo Colaiacovo is back on ice.
10:53 of 3rd period - Snap shot by Fabian Brunnstrom.
10:53 of 3rd period - Stopped by Ondrej Pavelec without a rebound.
10:54 of 3rd period - Evgeni Malkin wins face-off versus Brad Richards in Senateurs zone.
10:55 of 3rd period - Wrist shot by Claude Giroux.
10:55 of 3rd period - Deflect By Brad Richards.
10:55 of 3rd period - Shot Blocked by Dan Girardi.
10:55 of 3rd period - Puck is out of play.
10:56 of 3rd period - Evgeni Malkin wins face-off versus Brad Richards in Senateurs zone.
11:26 of 3rd period - Wrist shot by Andy McDonald.
11:26 of 3rd period - Deflect By Milan Hejduk.
11:26 of 3rd period - Stopped by Marc-André Fleury with a rebound.
11:42 of 3rd period - Snap shot by Andy McDonald.
11:42 of 3rd period - Stopped by Marc-André Fleury with a rebound.
11:56 of 3rd period - Slapshot by Rob Schremp.
11:56 of 3rd period - Stopped by Ondrej Pavelec with a rebound.
11:58 of 3rd period - Wrist shot by Rob Schremp.
11:58 of 3rd period - Shot Misses the Net.
12:08 of 3rd period - Wrist shot by Evgeni Malkin.
12:08 of 3rd period - Stopped by Ondrej Pavelec with a rebound.
12:44 of 3rd period - Slapshot by Jamie McBain.
12:44 of 3rd period - Stopped by Ondrej Pavelec with a rebound.
13:16 of 3rd period - Snap shot by Gilbert Brule.
13:16 of 3rd period - Shot Blocked by Tobias Enstrom.
13:48 of 3rd period - Blake Comeau is hit by Brenden Morrow and loses puck.
13:59 of 3rd period - Evgeni Malkin is hit by B.J. Crombeen and loses puck.
14:17 of 3rd period - Snap shot by Rob Schremp.
14:17 of 3rd period - Shot Blocked by Brandon Dubinsky.
14:19 of 3rd period - Snap shot by Rob Schremp.
14:19 of 3rd period - Shot Misses the Net.
14:21 of 3rd period - Snap shot by Fabian Brunnstrom.
14:21 of 3rd period - Shot Misses the Net.
14:38 of 3rd period - Wrist shot by Thomas Vanek.
14:38 of 3rd period - Stopped by Marc-André Fleury without a rebound.
14:39 of 3rd period - Evgeni Malkin wins face-off versus Gilbert Brule in Maple Leafs zone.
14:39 of 3rd period - Evgeni Malkin is hit by Gilbert Brule.
14:45 of 3rd period - Slapshot by Jamie McBain.
14:45 of 3rd period - Deflect By Evgeni Malkin.
14:45 of 3rd period - Stopped by Ondrej Pavelec without a rebound.
14:46 of 3rd period - Johan Franzen wins face-off versus Alexander Frolov in Senateurs zone.
15:33 of 3rd period - Wrist shot by Thomas Vanek.
15:33 of 3rd period - Stopped by Marc-André Fleury with a rebound.
15:49 of 3rd period - Wrist shot by Johan Franzen.
15:49 of 3rd period - Shot Misses the Net.
15:57 of 3rd period - Snap shot by Gilbert Brule.
15:57 of 3rd period - Stopped by Marc-André Fleury with a rebound.
15:59 of 3rd period - Snap shot by Johan Franzen.
15:59 of 3rd period - Shot Hit the Post.
16:01 of 3rd period - Slapshot by Arturs Kulda.
16:01 of 3rd period - Deflect By Tobias Enstrom.
16:01 of 3rd period - Stopped by Marc-André Fleury without a rebound.
16:02 of 3rd period - Rob Schremp wins face-off versus Brandon Dubinsky in Maple Leafs zone.
16:12 of 3rd period - Wrist shot by Eric Nystrom.
16:12 of 3rd period - Stopped by Ondrej Pavelec with a rebound.
16:14 of 3rd period - Wrist shot by Colby Armstrong.
16:14 of 3rd period - Stopped by Ondrej Pavelec with a rebound.
16:16 of 3rd period - Snap shot by Colby Armstrong.
16:16 of 3rd period - Goal by Colby Armstrong - Maple Leafs : 2 - Senateurs : 2.
16:17 of 3rd period - Rob Schremp wins face-off versus Brandon Dubinsky in neutral zone.
16:22 of 3rd period - Slapshot by Justin Schultz.
16:22 of 3rd period - Stopped by Ondrej Pavelec without a rebound.
16:23 of 3rd period - Rob Schremp wins face-off versus Brandon Dubinsky in Senateurs zone.
16:41 of 3rd period - Minor Penalty to Rob Schremp for Kneeing.
16:42 of 3rd period - Claude Giroux wins face-off versus Gilbert Brule in Maple Leafs zone.
17:12 of 3rd period - Slapshot by Brad Richards.
17:12 of 3rd period - Deflect By Tobias Enstrom.
17:12 of 3rd period - Stopped by Marc-André Fleury with a rebound.
17:19 of 3rd period - Icing by Dan Hamhuis.
17:20 of 3rd period - Brad Richards wins face-off versus Evgeni Malkin in Senateurs zone.
17:41 of 3rd period - Wrist shot by Brenden Morrow.
17:41 of 3rd period - Stopped by Marc-André Fleury with a rebound.
18:05 of 3rd period - Braydon Coburn is hit by B.J. Crombeen and loses puck.
18:18 of 3rd period - Slapshot by Brad Richards.
18:18 of 3rd period - Shot Misses the Net.
18:28 of 3rd period - Evgeni Malkin is hit by Brenden Morrow.
18:41 of 3rd period - Penalty to Rob Schremp is over, Rob Schremp is back on ice.
18:48 of 3rd period - Slapshot by Brandon Dubinsky.
18:48 of 3rd period - Shot Blocked by Marc-Édouard Vlasic.
18:54 of 3rd period - Wrist shot by Eric Nystrom.
18:54 of 3rd period - Shot Misses the Net.
18:56 of 3rd period - Snap shot by Eric Nystrom.
18:56 of 3rd period - Shot Blocked by Kurtis Foster.
18:58 of 3rd period - Snap shot by Rob Schremp.
18:58 of 3rd period - Stopped by Ondrej Pavelec with a rebound.
19:00 of 3rd period - Slapshot by Marc-Édouard Vlasic.
19:00 of 3rd period - Stopped by Ondrej Pavelec with a rebound.
19:02 of 3rd period - Wrist shot by Blake Comeau.
19:02 of 3rd period - Shot Misses the Net.
19:04 of 3rd period - Slapshot by Taylor Chorney.
19:04 of 3rd period - Deflect By Milan Hejduk.
19:04 of 3rd period - Stopped by Ondrej Pavelec without a rebound.
19:05 of 3rd period - Andrew Ebbett wins face-off versus Evgeni Malkin in Senateurs zone.
19:14 of 3rd period - Snap shot by Andrew Ebbett.
19:14 of 3rd period - Stopped by Marc-André Fleury without a rebound.
19:15 of 3rd period - Evgeni Malkin wins face-off versus Andrew Ebbett in Maple Leafs zone.
19:32 of 3rd period - Wrist shot by Darcy Hordichuk.
19:32 of 3rd period - Stopped by Marc-André Fleury with a rebound.
19:34 of 3rd period - Snap shot by Andrew Ebbett.
19:34 of 3rd period - Deflect By George Parros.
19:34 of 3rd period - Stopped by Marc-André Fleury without a rebound.
19:35 of 3rd period - Brandon Dubinsky wins face-off versus Rob Schremp in Maple Leafs zone.
19:38 of 3rd period - Snap shot by Milan Hejduk.
19:38 of 3rd period - Stopped by Marc-André Fleury with a rebound.
19:40 of 3rd period - Slapshot by Vladimir Mihalik.
19:40 of 3rd period - Stopped by Marc-André Fleury with a rebound.
19:42 of 3rd period - Snap shot by Milan Hejduk.
19:42 of 3rd period - Shot Misses the Net.
19:46 of 3rd period - Snap shot by Brandon Dubinsky.
19:46 of 3rd period - Stopped by Marc-André Fleury with a rebound.
Goals for this period are 1 for Maple Leafs vs 1 for Senateurs.
Shots for this period are 15 for Maple Leafs vs 21 for Senateurs.
Overtime #1
0:01 of 1st overtime period - Evgeni Malkin wins face-off versus Gilbert Brule in neutral zone.
0:35 of 1st overtime period - Icing by Claude Giroux.
0:36 of 1st overtime period - Eric Nystrom wins face-off versus Gilbert Brule in Maple Leafs zone.
1:01 of 1st overtime period - Wrist shot by Brenden Morrow.
1:01 of 1st overtime period - Stopped by Marc-André Fleury with a rebound.
1:03 of 1st overtime period - Slapshot by Kurtis Foster.
1:03 of 1st overtime period - Deflect By Evgeni Malkin.
1:03 of 1st overtime period - Stopped by Marc-André Fleury with a rebound.
1:39 of 1st overtime period - Icing by Andy McDonald.
1:40 of 1st overtime period - Gilbert Brule wins face-off versus Evgeni Malkin in Senateurs zone.
3:54 of 1st overtime period - Eric Nystrom is hit by Brenden Morrow and loses puck.
4:08 of 1st overtime period - Icing by Gilbert Brule.
4:09 of 1st overtime period - Gilbert Brule wins face-off versus Rob Schremp in Senateurs zone.
4:57 of 1st overtime period - Jamie McBain is hit by Dan Hamhuis and loses puck.
Goals for this period are 0 for Maple Leafs vs 0 for Senateurs.
Shots for this period are 0 for Maple Leafs vs 2 for Senateurs.
ShootOut
5:00 of 1st overtime period - Penalty Shot by Claude Giroux for Maple Leafs.
5:00 of 1st overtime period - Backhand shot by Claude Giroux.
5:00 of 1st overtime period - Stopped by Ondrej Pavelec.
5:00 of 1st overtime period - Penalty Shot by Gilbert Brule for Senateurs.
5:00 of 1st overtime period - Backhand shot by Gilbert Brule.
5:00 of 1st overtime period - Shot Misses the Net.
5:00 of 1st overtime period - Penalty Shot by Rob Schremp for Maple Leafs.
5:00 of 1st overtime period - Backhand shot by Rob Schremp.
5:00 of 1st overtime period - Stopped by Ondrej Pavelec.
5:00 of 1st overtime period - Penalty Shot by Thomas Vanek for Senateurs.
5:00 of 1st overtime period - Deke by Thomas Vanek.
5:00 of 1st overtime period - Shot Misses the Net.
5:00 of 1st overtime period - Penalty Shot by Evgeni Malkin for Maple Leafs.
5:00 of 1st overtime period - Wrist shot by Evgeni Malkin.
5:00 of 1st overtime period - Goal by Evgeni Malkin.
5:00 of 1st overtime period - Penalty Shot by Brad Richards for Senateurs.
5:00 of 1st overtime period - Deke by Brad Richards.
5:00 of 1st overtime period - Stopped by Marc-André Fleury.
Back to the Top